 Dungeon Crawl Stone Soup version 0.30-a0-335-ge5acde7520 (webtiles) character file.

Game seed: 12011916180586242693

11202 lunkers the Destroyer (level 12, -3/94 HPs)
             Began as a Meteoran Air Elementalist on Oct 31, 2022.
             Was a Priest of Vehumet.
             Slain by a bullfrog (5 damage)
             ... on level 11 of the Dungeon.
             The game lasted 00:27:16 (3926 turns).

lunkers the Destroyer (Meteoran Air Elementalist)   Turns: 3926, Time: 00:27:16

Health: -3/94      AC:  9    Str: 11    XL:     12   Next: 31%
Magic:  1/27       EV: 19    Int: 23    God:    Vehumet [***...]
Gold:   383        SH:  5    Dex: 15    Spells: 14/32 levels left

rFire   . . .      SeeInvis .    a - staff of conjuration
rCold   + . .      Faith    .    C - +0 buckler
rNeg    + . .      Spirit   .    p - +1 robe "Awayboek" {Fly rC+ Int+2}
rPois   .          Reflect  .    (no helmet)
rElec   .          Harm     .    E - +2 cloak {rCorr}
rCorr   +          Rampage  .    c - +0 pair of gloves
Will    +....                    v - +1 pair of boots
Stlth   +.........               (no amulet)
HPRegen 0.35/turn                e - +4 ring of evasion
MPRegen 0.20/turn                k - ring of positive energy

@: flying, very slightly contaminated, glowing, studying Necromancy
A: sense surroundings 2, otherworldly, glowing, explore regen
a: Renounce Religion


You were on level 11 of the Dungeon.
You worshipped Vehumet.
Vehumet was most pleased with you.
You visited 1 branch of the dungeon, and saw 11 of its levels.

You collected 383 gold pieces.

Inventory:

Hand Weapons
 i - a +0 short sword of venom
 j - a +2 long sword of flaming
 y - a +3 whip of electrocution
Missiles
 l - 4 throwing nets
Armour
 c - a +0 pair of gloves (worn)
 g - a +0 kite shield
 p - the +1 robe "Awayboek" (worn) {Fly rC+ Int+2}
   (You found it on level 4 of the Dungeon)

   Int:       It affects your intelligence (+2).
   rC:        It protects you from cold.
   Fly:       It grants you flight.
 v - a +1 pair of boots (worn)
 C - a +0 buckler (worn)
 E - a +2 cloak of preservation (worn)
 I - +0 swamp dragon scales
Magical Staves
 a - a staff of conjuration (weapon)
 b - a staff of air
Jewellery
 e - a +4 ring of evasion (left hand)
 h - a +4 ring of slaying
 k - a ring of positive energy (right hand)
 n - a ring of flight
Wands
 o - a wand of paralysis (14)
 r - a wand of iceblast (13)
 B - a wand of mindburst (15)
 D - a wand of flame (12)
Scrolls
 d - a scroll of enchant armour
 q - 2 scrolls of immolation
 s - 2 scrolls of butterflies
 t - 2 scrolls of amnesia
 w - 4 scrolls of teleportation
 x - a scroll of poison
 J - a scroll of fear
Potions
 f - 10 potions of curing
 m - 3 potions of brilliance
 u - 3 potions of might
 z - 2 potions of cancellation {unknown}
 A - 2 potions of attraction {unknown}
 F - a potion of flight {unknown}
 G - a potion of lignification {unknown}
 K - a potion of haste {unknown}
 L - a potion of heal wounds {unknown}
Miscellaneous
 H - a phial of floods


   Skills:
 + Level 5.6 Fighting
 + Level 6.7 Dodging
 - Level 1.4 Stealth
 - Level 5.0 Shields
 + Level 10.9 Spellcasting
 * Level 13.5 Conjurations
 - Level 5.0 Transmutations
 - Level 8.0 Air Magic


You had 14 spell levels left.
You knew the following spells:

 Your Spells              Type           Power      Damage    Failure   Level
a - Shock                 Conj/Air       100%       1d9       1%          1
b - Static Discharge      Conj/Air       100%       2-7/arc   1%          2
c - Swiftness             Air            49%        N/A       1%          3
d - Airstrike             Air            24%        2d(4-20)  1%          4
e - Irradiate             Conj/Tmut      35%        3d23      1%          5
f - Stone Arrow           Conj/Erth      100%       3d13      1%          3

Your spell library contained the following spells:

 Spells                   Type           Power      Damage    Failure   Level
 Freeze                   Ice            48%        1d6       1%          1
 Magic Dart               Conj           100%       1d8       1%          1
 Searing Ray              Conj           100%       2d8       1%          2
 Hailstorm                Conj/Ice       60%        3d13      1%          3
 Fulminant Prism          Conj/Hex       30%        3d16      1%          4
 Frozen Ramparts          Ice            24%        1d4       5%          3
 Gell's Gravitas          Tloc           12%        N/A       21%         3
 Lesser Beckoning         Tloc           24%        N/A       21%         3
 Ozocubu's Armour         Ice            12%        N/A       21%         3
 Teleport Other           Tloc           12%        N/A       21%         3
 Ice Form                 Ice/Tmut       24%        N/A       24%         4
 Blade Hands              Tmut           17%        N/A       24%         5
 Metabolic Englaciation   Hex/Ice        6%         N/A       88%         5
 Simulacrum               Ice/Necr       6%         N/A       100%        6
 Dragon Form              Tmut           17%        N/A       100%        7


Dungeon Overview and Level Annotations

Branches:
Dungeon (11/15) Zot: 2650  Temple (0/1) D:5            Lair (0/5) D:11
    Orc (0/2) D:11

Altars:
Gozag
Nemelex Xobeh
Vehumet

Shops:
D:4 =!*[   D:8 :


Innate Abilities, Weirdness & Mutations

You passively map the area around you.
You are easily found by Zot.
You glow in the dark.
You regain HP and MP as you explore.


Message History

The bullfrog is struck by an arc of lightning!
The bullfrog is heavily wounded.
The lightning grounds out.
The bullfrog is struck by an arc of lightning.
The bullfrog is heavily wounded.
You are struck by an arc of lightning.
* * * LOW HITPOINT WARNING * * *
The lightning grounds out.
The bullfrog croaks.
* * * LOW MAGIC WARNING * * *
You feel sick. The bullfrog closely misses you. The yak gores you!
* * * LOW HITPOINT WARNING * * *
The bullfrog misses you.
Unknown command.
Casting: Static Discharge (safe; 1% risk of failure)
Confirm with . or Enter, or press ? or * to list all spells.
You feel a surge of power!
The yak is struck by an arc of lightning.
The yak is severely wounded.
You are struck by an arc of lightning.
* * * LOW HITPOINT WARNING * * *
The lightning grounds out.
The bullfrog is struck by an arc of lightning.
The bullfrog is severely wounded.
You are struck by an arc of lightning.
* * * LOW HITPOINT WARNING * * *
The bullfrog is struck by an arc of lightning.
The bullfrog is almost dead.
You are struck by an arc of lightning.
* * * LOW HITPOINT WARNING * * *
The yak is struck by an arc of lightning!
The yak is almost dead.
The lightning grounds out.
* * * LOW MAGIC WARNING * * *
* * * LOW HITPOINT WARNING * * *
You feel sick. The bullfrog misses you. The yak gores you but does no damage.
You feel better. You block the bullfrog's attack. The yak gores you.
* * * LOW HITPOINT WARNING * * *
The bullfrog hits you.
You die... , ,, * * #####.##### >PP..PP. #.# #.# ,.P...P. ,##.### #.# , P..PYY.

,,....# #.# ^
...P...,**#...# #.# ,, ,
...PP.. ##...# #.#### ,
....... ##.#.#* #.##.## ,
.P.....##....########.#...#
,,
PP....†F.Y@................
,
.....####F..#.#######.....#
,.P. , ##.###.> ##...## *,
,. * ##.# ### ##.## , * #..
#.# #.# #.# .# #.# #
####.### , * #.......


You could see a yak and 2 bullfrogs.

Vanquished Creatures
  Harold (D:9)
  Erica (D:9)
  2 two-headed ogres
  A deep elf pyromancer (D:11)
  Maurice (D:9)
  A gargoyle (D:11)
  Maggie (D:10)
  3 kobold demonologists (D:10)
  2 trolls
  Prince Ribbit (D:5)
  3 hornets
  3 shadows
  2 wyverns (D:9)
  6 yaks (D:11)
  Grum (D:8)
  A steam dragon (D:8)
  2 acid dragons (D:10)
  3 water moccasins
  3 orc warriors
  2 sky beasts (D:6)
  2 black bears
  2 ogres
  3 wolves (D:7)
  3 kobold brigands
  5 bullfrogs
  2 gnoll sergeants
  A scorpion (D:11)
  10 killer bees
  3 howler monkeys
  2 lava snakes (D:10)
  A jelly (D:7)
  5 orc priests
  A hound (D:6)
  6 orc wizards
  Natasha (thrice) (D:4)
  An iguana (D:4)
  10 gnolls
  7 adders
  A shadow imp (D:5)
  2 white imps
  An ufetubus (D:5)
  3 worms
  3 dart slugs
  22 orcs
  6 ball pythons
  3 endoplasms
  2 giant cockroaches
  4 goblins
  6 hobgoblins
  4 jackals (D:2)
  17 kobolds
  4 quokkas
  3 bats
  2 frilled lizards
  6 rats
196 creatures vanquished.

Vanquished Creatures (others)
  14 fungi (D:11)
  26 plants (D:11)
40 creatures vanquished.

Grand Total: 236 creatures vanquished

Notes
Turn   | Place    | Note
-------+----------+-------------------------------------------
     0 | D:1      | lunkers the Meteoran Air Elementalist began the quest for
                  | the Orb.
     0 | D:1      | Reached XP level 1. HP: 14/14 MP: 5/5
    59 | D:1      | Reached XP level 2. HP: 20/20 MP: 1/6
   157 | D:1      | Learned a level 2 spell: Static Discharge
   168 | D:1      | Found a faded altar of an unknown god.
   246 | D:2      | You fall into a shaft and drop 2 floors!
   250 | D:4      | Reached XP level 3. HP: 23/26 MP: 5/8
   251 | D:4      | Found Terecos's Antique Armour Emporium.
   267 | D:4      | Identified the +1 robe "Awayboek" {Fly rC+ Int+2}
   289 | D:4      | Reached skill level 2 in Conjurations
   289 | D:4      | Reached XP level 4. HP: 21/33 MP: 2/10
   307 | D:4      | Noticed Natasha
   312 | D:4      | Killed Natasha
   325 | D:4      | Noticed Natasha
   350 | D:3      | Reached skill level 5 in Air Magic
   357 | D:3      | Learned a level 3 spell: Swiftness
   362 | D:3      | Learned a level 4 spell: Airstrike
   403 | D:2      | Reached XP level 5. HP: 34/38 MP: 6/11
   590 | D:3      | Reached skill level 3 in Conjurations
   657 | D:2      | Reached XP level 6. HP: 28/45 MP: 4/13
   699 | D:4      | Found Begeco's Jewellery Shop.
   715 | D:4      | Found Hiusoymna's Distillery.
   715 | D:4      | Noticed a water moccasin
   723 | D:4      | Killed a water moccasin
   726 | D:4      | Killed Natasha
   732 | D:4      | Noticed Natasha
   778 | D:4      | Found Somy's General Store.
   834 | D:4      | Killed Natasha
   835 | D:4      | Reached XP level 7. HP: 24/50 MP: 7/15
   913 | D:5      | Entered Level 5 of the Dungeon
  1007 | D:5      | Noticed Prince Ribbit
  1011 | D:5      | Killed Prince Ribbit
  1012 | D:5      | Reached skill level 5 in Spellcasting
  1012 | D:5      | Reached skill level 4 in Conjurations
  1072 | D:5      | Found a large runed translucent door.
  1073 | D:5      | Found a large runed translucent door.
  1102 | D:5      | Found a sparkling altar of Nemelex Xobeh.
  1111 | D:5      | Reached XP level 8. HP: 56/57 MP: 10/17
  1118 | D:5      | Found a radiant altar of Vehumet.
  1122 | D:5      | Became a worshipper of Vehumet
  1154 | D:5      | Identified the +2 falchion of Biacu {speed, rF+}
  1162 | D:5      | Found a staircase to the Ecumenical Temple.
  1300 | D:6      | Reached skill level 1 in Fighting
  1380 | D:6      | Reached skill level 5 in Conjurations
  1381 | D:6      | Reached skill level 1 in Shields
  1536 | D:7      | Gained mutation: You passively map the area around you.
                  | [Meteoran growth]
  1536 | D:7      | Reached XP level 9. HP: 45/67 MP: 0/19
  1577 | D:6      | Reached skill level 6 in Conjurations
  1656 | D:7      | Reached * piety under Vehumet
  1656 | D:7      | Offered knowledge of Foxfire by Vehumet.
  1700 | D:7      | Learned a level 5 spell: Irradiate
  1787 | D:7      | Reached skill level 1 in Transmutations
  1788 | D:7      | Reached skill level 7 in Conjurations
  1818 | D:8      | Noticed Grum
  1819 | D:8      | Noticed a hornet
  1885 | D:8      | Killed a hornet
  1901 | D:8      | Killed Grum
  1902 | D:8      | Reached skill level 8 in Conjurations
  2271 | D:8      | Found Jiats's Vocational Training.
  2297 | D:8      | Noticed a hornet
  2299 | D:8      | Killed a hornet
  2300 | D:8      | Reached XP level 10. HP: 73/73 MP: 13/22
  2408 | D:9      | Noticed a two-headed ogre
  2420 | D:8      | Reached skill level 5 in Shields
  2441 | D:9      | Reached skill level 9 in Conjurations
  2450 | D:9      | Noticed Erica
  2461 | D:9      | Killed Erica
  2461 | D:9      | Reached ** piety under Vehumet
  2462 | D:9      | Reached skill level 5 in Transmutations
  2463 | D:9      | HP: 3/73 [/static electricity (2)]
  2463 | D:9      | Offered knowledge of Sandblast by Vehumet.
  2464 | D:9      | Reached skill level 10 in Conjurations
  2583 | D:9      | Killed a two-headed ogre
  2627 | D:8      | Reached skill level 11 in Conjurations
  2627 | D:8      | Reached XP level 11. HP: 45/79 MP: 4/25
  2726 | D:9      | Noticed Maurice
  2737 | D:9      | Killed Maurice
  2788 | D:9      | Noticed Harold
  2795 | D:9      | Killed Harold
  2885 | D:10     | Entered Level 10 of the Dungeon
  2923 | D:10     | Found an opulent altar of Gozag.
  2951 | D:10     | Reached skill level 12 in Conjurations
  3078 | D:10     | Reached skill level 5 in Dodging
  3078 | D:10     | Offered knowledge of Stone Arrow by Vehumet.
  3079 | D:10     | Reached skill level 10 in Spellcasting
  3350 | D:10     | Noticed Maggie
  3363 | D:10     | Killed Maggie
  3389 | D:10     | Learned a level 3 spell: Stone Arrow
  3389 | D:10     | Noticed a sea snake
  3422 | D:10     | Noticed a sea snake
  3635 | D:11     | Noticed a two-headed ogre
  3639 | D:11     | Killed a two-headed ogre
  3639 | D:11     | Reached *** piety under Vehumet
  3640 | D:11     | Reached skill level 13 in Conjurations
  3664 | D:11     | Noticed a deep elf pyromancer
  3668 | D:11     | Killed a deep elf pyromancer
  3669 | D:11     | Reached skill level 5 in Fighting
  3669 | D:11     | Reached XP level 12. HP: 82/94 MP: 13/27
  3897 | D:11     | Found a staircase to the Orcish Mines.
  3925 | D:11     | HP: 4/94 [/static electricity (2)]
  3926 | D:11     | Slain by a bullfrog

Illustrated notes

Levels and vault maps discovered:
D:1:      zelgadis_glass_arrival_small, layout_basic,
          chequers_ecumenical_altar_island
D:2:      layout_rooms, basic_altar
D:3:      layout_loops_cross, nicolae_eternal_life, uniq_jessica
D:4:      layout_rooms, serial_shops, nicolae_shop_trees, nicolae_shop_trees,
          kennysheep_mini, shop, serial_park_tiny_1, uniq_natasha
D:5:      nicolae_BIG_FREAKIN_CUBE, layout_cave_pools, jmf_multi_god_temple2,
          minmay_temple_entry_offerings, amcnicky_mini_pool_small,
          uniq_prince_ribbit1
D:6:      layout_loops_cross
D:7:      layout_gridville
D:8:      layout_layer_cave, corner_web_ring, nicolae_shop_vocational, uniq_grum
D:9:      layout_rooms, uniq_erica, uniq_maurice, uniq_harold
D:10:     layout_loops_ring, serial_aquarium, aquarium_bridge_long_joined
          [aquarium_subvault_bridge, aquarium_subvault_bridge,
          aquarium_subvault_bridge, aquarium_subvault_bridge,
          aquarium_subvault_wall, aquarium_subvault_balcony],
          aquarium_window_corner, aquarium_window_2, aquarium_view_2d,
          aquarium_view_2e, kennysheep_diamond, uniq_maggie
D:11:     layout_loops_corners, due_lair_maze_entry_diamond, orc_0_dummy,
          uniq_sonja

Skill      XL: |  1  2  3  4  5  6  7  8  9 10 11 |
---------------+----------------------------------+-----
Air Magic      | 4 5 6 7 8 |  8.0
Spellcasting   | 3 4 5 6 7 9 10 | 10.9
Conjurations   | 2 3 4 5 8 11 13 | 13.5
Fighting       | 2 5 |  5.6
Dodging        | 3 6 |  6.7
Shields        | 1 4 5 |  5.0
Transmutations | 3 5 |  5.0
Stealth        | |  1.4

Action                   |  1- 3 |  4- 6 |  7- 9 | 10-12 || total
-------------------------+-------+-------+-------+-------++-------
Melee: Whip              |     5 |       |       |       ||     5
       Unarmed           |     2 |       |       |       ||     2
       Staff             |       |    10 |    43 |    11 ||    64
 Cast: Shock             |    15 |     1 |    19 |    68 ||   103
       Static Discharge  |     8 |    48 |    49 |    72 ||   177
       Airstrike         |       |       |    21 |    29 ||    50
       Irradiate         |       |       |       |    12 ||    12
       Stone Arrow       |       |       |       |     6 ||     6
Evoke: Wand              |       |       |       |     4 ||     4
  Use: Scroll            |       |       |    15 |     2 ||    17
       Potion            |       |       |       |     2 ||     2
Armor: Robe              |     3 |    10 |    20 |    29 ||    62
Dodge: Dodged            |     3 |    39 |    46 |    76 ||   164
Block: Kite shield       |       |       |    30 |    14 ||    44
       Buckler           |       |       |       |    33 ||    33

Table legend: (Time is in decaauts)
 A = Elapsed time spent in this place.
 B = Non-inter-level travel time spent in this place.
 C = Inter-level travel time spent in this place.
 D = Time resting spent in this place.
 E = Time spent auto-exploring this place.
 F = Levels seen in this place.
 G = Mean time per level.
                   A        B        C        D        E       F      G
               +--------+--------+--------+--------+--------+-----+--------+
         Total |   3948 |   3451 |    497 |      0 |   1108 |  11 |  358.9 |
       Dungeon |   3948 |   3451 |    497 |      0 |   1108 |  11 |  358.9 |
               +--------+--------+--------+--------+--------+-----+--------+

Top non-repeatable levels by time:
     D:8: 667 daAuts
    D:10: 643 daAuts
    D:11: 398 daAuts
     D:6: 382 daAuts
     D:9: 341 daAuts
     D:5: 332 daAuts
     D:4: 300 daAuts
     D:7: 261 daAuts
     D:1: 252 daAuts
     D:2: 185 daAuts
     D:3: 181 daAuts
